 Dungeon Crawl Stone Soup version 0.30-a0-1160-g6e42c06551 (webtiles) character file.

Game seed: 275170874949381050

99 DavidChitty2 the Trooper (level 4, -1/41 HPs)
             Began as a Minotaur Fighter on Apr 26, 2023.
             Slain by an orc
             ... wielding a +0 hand axe
              (3 damage)
             ... on level 3 of the Dungeon.
             The game lasted 00:01:58 (1436 turns).

DavidChitty2 the Trooper (Minotaur Fighter)         Turns: 1436, Time: 00:01:58

Health: -1/41      AC:  7    Str: 23    XL:     4   Next: 45%
Magic:  3/3        EV:  9    Int:  5    God:
Gold:   186        SH:  4    Dex:  9    Spells: 3/3 levels left

rFire   . . .        a - +0 flail
rCold   . . .        c - +0 buckler
rNeg    . . .        b - +0 scale mail
rPois   .            (helmet restricted)
rElec   .            (no cloak)
rCorr   .            (no gloves)
SInv    .            (no boots)
Will    .....        (no amulet) Stlth
                     (no ring)
HPRegen 0.26/turn    (no ring)
MPRegen 0.08/turn

%: no passive effects
@: no status effects
A: horns 2, retaliatory headbutt
a: no special abilities


You were on level 3 of the Dungeon.
You visited 1 branch of the dungeon, and saw 3 of its levels.

You collected 186 gold pieces.

Inventory:

Hand Weapons
 a - a +0 flail (weapon)
Missiles
 k - 3 poisoned darts (quivered)
Armour
 b - a +0 scale mail (worn)
 c - a +0 buckler (worn)
Jewellery
 n - a +5 ring of evasion
   (You took it off a gnoll on level 3 of the Dungeon)
Wands
 u - a wand of paralysis (13)
   (You found it on level 3 of the Dungeon)
Scrolls
 e - a scroll of brand weapon {unknown}
 f - 2 scrolls of identify {unknown}
 h - a scroll of noise {unknown}
 i - a scroll of fear {unknown}
 l - a scroll of magic mapping {unknown}
 m - a scroll of vulnerability {unknown}
Potions
 d - a potion of might
 g - 2 potions of curing {unknown}
 j - a potion of mutation {unknown}


   Skills:
 + Level 4.3 Fighting
 * Level 4.1 Maces & Flails
 + Level 4.3 Armour
 + Level 4.3 Shields


You had 3 spell levels left.
You didn't know any spells.
Your spell library contained the following spells:

 Spells                   Type           Power      Damage    Failure   Level
 Blink                    Tloc           0%         N/A       94%         2
 Ensorcelled Hibernation  Hex/Ice        0%         N/A       94%         2
 Lesser Beckoning         Tloc           0%         N/A       94%         2
 Momentum Strike          Conj/Tloc      0%         3d8       94%         2
 Ozocubu's Armour         Ice            0%         N/A       99%         3
 Spider Form              Tmut/Pois      0%         N/A       99%         3
 Anguish                  Hex/Necr       0%         N/A       100%        4
 Metabolic Englaciation   Hex/Ice        0%         N/A       100%        5
 Simulacrum               Ice/Necr       0%         N/A       100%        6


Dungeon Overview and Level Annotations

Branches:
Dungeon (3/15)

Altars:


Innate Abilities, Weirdness & Mutations

You have a pair of horns on your head.
You reflexively headbutt those who attack you in melee.


Message History

An orc comes into view. It is wielding a +0 hand axe.
The orc shouts! x2; You hear a shout!
An orc comes into view. It is wielding a +0 short sword.
The orc moves out of view.
A kobold comes into view. It is wielding a +0 club.
Found 17 gold pieces.
The kobold shouts!
The orc hits you with a +0 mace.
The orc hits you from afar with a +0 trident.
You closely miss the orc. The orc closely misses you.
The orc hits you from afar with a +0 trident.
You hit the orc. Your headbutt misses the orc. The orc hits you with a +0 mace.
The orc hits you from afar with a +0 trident!
The orc barely misses you. You furiously retaliate!
You headbutt the orc. The orc barely misses you.
You closely miss the orc. The orc closely misses you.
The orc hits you but does no damage.
You closely miss the orc. The kobold hits you but does no damage.
The orc hits you with a +0 mace.
* * * LOW HITPOINT WARNING * * *
The orc hits you from afar with a +0 trident.
* * * LOW HITPOINT WARNING * * *
The orc hits you with a +0 short sword.
* * * LOW HITPOINT WARNING * * *
The orc attacks as you move away! The orc hits you with a +0 short sword.
* * * LOW HITPOINT WARNING * * *
The orc hits you but does no damage.
The kobold throws a stone.
You block the stone. The orc attacks as you move away!
You block the orc's attack. The orc hits you but does no damage.
The orc attacks as you move away! The orc hits you but does no damage.
You barely miss the orc. The orc hits you with a +0 mace.
* * * LOW HITPOINT WARNING * * *
The orc completely misses you.
You hit the orc.
You kill the orc!
The orc throws a silver boomerang.
The silver boomerang barely misses you. The orc barely misses you.
You barely miss the kobold. You block the orc's attack.
The kobold hits you with a +0 club.
* * * LOW HITPOINT WARNING * * *
You hit the kobold.
You kill the kobold!
The orc hits you from afar with a +0 trident.
* * * LOW HITPOINT WARNING * * *
You hit the orc but do no damage. You headbutt the orc!
You kill the orc!
The orc throws a silver boomerang.
The silver boomerang barely misses you. The orc hits you with a +0 hand axe.
You die...

#..$ #.#.#
###...#######.#.#
.......o...##.#.#
#...o.......#.#
#...###.###.#.# ###
#.......###
#.###.###.....# #...oo#
#.####### #####@#
#.......# #.###.#######
#..##.# #>.##.# .
########..##.# #.
..........##.#
#.############..##.#
#.)......# ###..##.######
#........###............#


You could see 2 orcs.

Vanquished Creatures
  4 gnolls (D:3)
  A worm (D:2)
  A dart slug (D:2)
  8 orcs (D:3)
  An endoplasm (D:1)
  A giant cockroach (D:1)
  A goblin (D:1)
  3 hobgoblins
  4 jackals (D:2)
  2 quokkas
  4 ball pythons
  5 bats
  4 frilled lizards (D:2)
  4 kobolds
  4 rats
47 creatures vanquished.

Notes
Turn   | Place    | Note
-------+----------+-------------------------------------------
     0 | D:1      | DavidChitty2 the Minotaur Fighter began the quest for the
                  | Orb.
     0 | D:1      | Reached XP level 1. HP: 19/19 MP: 0/0
   276 | D:1      | Reached XP level 2. HP: 27/27 MP: 1/1
   767 | D:2      | Reached XP level 3. HP: 15/33 MP: 2/2
  1279 | D:3      | Reached XP level 4. HP: 33/40 MP: 3/3
  1434 | D:3      | HP: 2/40 [orc/+0 trident (4)]
  1436 | D:3      | Slain by an orc

Illustrated notes

Levels and vault maps discovered:
D:1:      matt_arrival_grand_opening, layout_loops_ring
D:2:      layout_rooms
D:3:      layout_basic

Skill      XL: |  1  2  3  4 |
---------------+-------------+-----
Maces & Flails | 3 4 |  4.1
Shields        | 4 |  4.3
Fighting       | 4 |  4.3
Armour         | 4 |  4.3

Action                     |  1- 3 |  4- 6 || total
---------------------------+-------+-------++-------
  Melee: Flail             |    94 |    16 ||   110
         Headbutt          |     9 |     2 ||    11
 Armour: Scale mail        |    53 |     6 ||    59
  Dodge: Dodged            |    50 |    10 ||    60
  Block: Buckler           |    25 |     4 ||    29

Table legend: (Time is in decaauts)
 A = Elapsed time spent in this place.
 B = Non-inter-level travel time spent in this place.
 C = Inter-level travel time spent in this place.
 D = Time resting spent in this place.
 E = Time spent auto-exploring this place.
 F = Levels seen in this place.
 G = Mean time per level.
                   A        B        C        D        E       F      G
               +--------+--------+--------+--------+--------+-----+--------+
         Total |   1464 |   1422 |     42 |     64 |    999 |   3 |  488.0 |
       Dungeon |   1464 |   1422 |     42 |     64 |    999 |   3 |  488.0 |
               +--------+--------+--------+--------+--------+-----+--------+

Top non-repeatable levels by time:
     D:1: 679 daAuts
     D:2: 464 daAuts
     D:3: 320 daAuts
